 Dungeon Crawl Stone Soup version 0.25.1-2-g60ff931df9 (webtiles) character file.

Game seed: 15280448995990458188

576 gruber the Changer (level 7, 42/48 HPs)
             Began as a Merfolk Transmuter on Aug 23, 2020.
             Quit the game on level 5 of the Dungeon.
             The game lasted 00:08:28 (5621 turns).

gruber the Changer (Merfolk Transmuter)             Turns: 5621, Time: 00:08:28

Health: 42/48      AC:  6    Str: 11    XL:     7   Next: 35%
Magic:  5/10       EV: 13    Int: 14    God:
Gold:   293        SH:  5    Dex: 14    Spells: 0/10 levels left

rFire    + . .     SeeInvis .     - Unarmed
rCold    + . .     Gourm    .   (no shield)
rNeg     . . .     Faith    .   b - +0 robe
rPois    .         Spirit   .   y - +2 helmet
rElec    .         Reflect  +   s - scarf {rC+ rF+}
rCorr    .         Harm     .   w - +0 pair of gloves
MR       .....                  (no boots)
Stlth    +.........             t - amulet of reflection
HPRegen  0.16/turn              (no ring)
MPRegen  0.12/turn              (no ring)

@: slightly contaminated
A: change form in water, swift swim, stealthy swim, blurry vision 1
a: no special abilities


You were on level 5 of the Dungeon.
You were not hungry.

You visited 1 branch of the dungeon, and saw 5 of its levels.
You also visited: Sewer.

You collected 293 gold pieces.

Inventory:

Missiles
 a - 58 arrows
Armour
 b - a +0 robe (worn)
 s - a scarf of resistance (worn)
 w - a +0 pair of gloves (worn)
 y - a +2 helmet (worn)
Jewellery
 t - an amulet of reflection (around neck)
Scrolls
 e - a scroll of magic mapping {unknown}
 f - 4 scrolls of remove curse {unknown}
 g - 5 scrolls of teleportation {unknown}
 h - 4 scrolls of amnesia {unknown}
 i - a scroll of fog {unknown}
 j - 4 scrolls of identify {unknown}
 k - 3 scrolls of fear {unknown}
 n - a scroll of noise {unknown}
Potions
 c - a potion of berserk rage {unknown}
 l - 5 potions of heal wounds {unknown}
 o - a potion of degeneration {unknown}
 p - a potion of resistance
 q - 2 potions of curing {unknown}
 r - a potion of brilliance {unknown}
 u - 3 potions of magic {unknown}
 v - 3 potions of stabbing {unknown}
 x - a potion of might {unknown}
 z - a potion of lignification {unknown}
Comestibles
 d - 10 rations
 m - 3 chunks of flesh


   Skills:
 - Level 1.1 Fighting
 - Level 2.6 Dodging
 * Level 6.9 Unarmed Combat
 - Level 2.0 Spellcasting
 - Level 7.3 Transmutations


You couldn't memorise any spells.
You knew the following spells:

 Your Spells              Type           Power        Failure   Level  Hunger
a - Beastly Appendage     Tmut           ###...       1%          1    ##.....
b - Sticks to Snakes      Tmut           ###.....     1%          2    ###....
c - Spider Form           Tmut/Pois      ##........   16%         3    ####...
d - Ice Form              Ice/Tmut       ##......     45%         4    #####..

Your spell library contained the following spells:

 Spells                   Type           Power        Failure   Level  Hunger
 Blade Hands              Tmut           ###.......   32%         5    ######.


Dungeon Overview and Level Annotations

Branches:
Dungeon (5/15)              Sewer (visited)
 Temple: D:4-7

Altars:
Fedhas
Hepliaklqana
Okawaru

Shops:
D:4 [

Annotations:
D:3 exclusion: oklob plant


Innate Abilities, Weirdness & Mutations

You revert to your normal form in water.
You are very nimble and swift while swimming.
You are very stealthy in the water. (Stealth+)
Scrolls take you a little longer to read.


Message History

No target in view!
No target in view!
No target in view!
Eating one of 4 chunks of flesh.
You eat one of the 4 chunks of flesh.
This raw flesh tastes terrible.
The crimson imp is too close now for your liking.
A crimson imp is nearby!
The crimson imp blinks!
The crimson imp is too close now for your liking.
A crimson imp is nearby!
The crimson imp closely misses you. The crimson imp misses you.
You hit the crimson imp. Your punch misses the crimson imp.
The crimson imp is moderately wounded.
The crimson imp blinks!
No target in view!
No target in view!
No target in view!
No target in view!
Are you sure you want to abandon this character and quit the game? (Confirm with "yes".)

#.########### #.. .## # #.#
#. .. ..#.# #.# #. #.
#.#.######.##### ##.
##.##.#.##.........# #..
#..........###.....# #..
#..........# #.....# #..
###.....###..###÷....## #...
+/.........@§...........+...
###.....###..........####...
#.#.#.# #..........# ##..
#.........#.####.#.# ##.
#.........#.# .#.#
#####.#####.# ## # #.# #.#
#.# #.# #.#


There were no monsters in sight!

Vanquished Creatures
  Sigmund (D:3)
  A phantom (D:4)
  An iguana (D:4)
  Jessica (D:3)
  Ijyb (D:3)
  2 worker ants (D:4)
  10 adders
  2 worms (D:5)
  3 dart slugs
  8 leopard geckos
  2 giant cockroaches
  7 goblins
  8 hobgoblins
  14 jackals
  14 kobolds
  2 ball pythons
  8 bats
  8 frilled lizards
  A quokka skeleton (D:5)
  5 rats
  5 plants (Sewer)
104 creatures vanquished.

Vanquished Creatures (collateral kills)
  An adder (D:3)
1 creature vanquished.

Vanquished Creatures (others)
  A plant (Sewer)
  17 toadstools (D:3)
18 creatures vanquished.

Grand Total: 123 creatures vanquished

Notes
Turn   | Place    | Note
-------+----------+-------------------------------------------
     0 | D:1      | gruber the Merfolk Transmuter began the quest for the Orb.
     0 | D:1      | Reached XP level 1. HP: 15/15 MP: 3/3
   271 | D:1      | Reached XP level 2. HP: 17/21 MP: 5/5
   770 | D:1      | Reached XP level 3. HP: 23/26 MP: 4/6
  1795 | D:3      | Learned a level 2 spell: Sticks to Snakes
  1799 | D:3      | Learned a level 3 spell: Spider Form
  1827 | D:3      | Reached skill level 5 in Unarmed Combat
  1924 | D:3      | Found a blossoming altar of Fedhas.
  1934 | D:3      | Noticed an oklob plant
  1993 | D:3      | Reached skill level 3 in Transmutations
  1993 | D:3      | Reached XP level 4. HP: 25/32 MP: 4/7
  2243 | D:3      | Noticed Sigmund
  2430 | D:3      | Noticed Ijyb
  2433 | D:3      | Noticed Jessica
  2766 | D:3      | Reached skill level 4 in Transmutations
  2778 | D:3      | Killed Sigmund
  2778 | D:3      | Reached skill level 6 in Transmutations
  2778 | D:3      | Reached XP level 5. HP: 18/37 MP: 5/8
  2778 | D:3      | Reached XP level 6. HP: 20/43 MP: 5/9
  3127 | D:3      | Killed Ijyb
  3127 | D:3      | Reached skill level 7 in Transmutations
  3147 | D:3      | Killed Jessica
  3417 | D:4      | Found Ladevin's Antique Armour Shop.
  3816 | D:4      | Noticed a phantom
  3938 | D:4      | Killed a phantom
  3938 | D:4      | Reached XP level 7. HP: 43/48 MP: 4/10
  4149 | D:5      | Entered Level 5 of the Dungeon
  4176 | D:5      | Found a hazy altar of Hepliaklqana.
  4360 | D:5      | Found an iron altar of Okawaru.
  4390 | D:5      | Found a glowing drain.
  4426 | Sewer    | Entered a sewer
  4444 | Sewer    | Learned a level 4 spell: Ice Form
  5603 | D:5      | Gained mutation: Scrolls take you a little longer to read.
                  | [mutagenic glow]
  5621 | D:5      | Quit the game

Illustrated notes

Levels and vault maps discovered:
D:1:      psy_arrival_terrarium, layout_loops_ring
D:2:      layout_basic, first_ration
D:3:      minmay_spotlight, layout_rooms, serial_park_tiny_2,
          hangedman_decor_peaks_small, minmay_crystal_room, tgw_fedhas,
          uniq_sigmund, uniq_jessica, uniq_ijyb
D:4:      layout_basic, serial_shops, shop, minmay_misc_feat_hallway
D:5:      gammafunk_steamed_eel, layout_loops_corners,
          nicolae_overflow_crystal_walls, minmay_temple_entry_stoned_glass,
          cheibrodos_sewer_entry_drain, grunt_decor_resistance,
          okawaru_gym_becter, uniq_blork_the_orc, uniq_grinder

Skill      XL: |  1  2  3  4  5  6 |
---------------+-------------------+-----
Unarmed Combat | 4 5 6 |  6.9
Transmutations | 3 6 7 |  7.3
Fighting       | |  1.1
Dodging        | |  2.6
Spellcasting   | |  2.0

Action                   |  1- 3 |  4- 6 |  7- 9 || total
-------------------------+-------+-------+-------++-------
Melee: Unarmed           |   115 |   131 |   195 ||   441
       Headbutt          |     1 |       |       ||     1
       Punch             |       |     1 |     3 ||     4
       Tailslap          |       |       |     4 ||     4
 Cast: Beastly Appendage |     8 |       |       ||     8
       Sticks to Snakes  |     1 |     8 |       ||     9
       Spider Form       |       |    12 |    16 ||    28
 Stab: Sleeping          |     2 |     1 |     1 ||     4
       Distracted        |       |     2 |       ||     2
  Eat: Chunk             |     4 |     8 |     9 ||    21
Armor: Robe              |    23 |    13 |     8 ||    44
       Skin              |       |     3 |     1 ||     4
Dodge: Dodged            |    81 |    97 |    70 ||   248
Block: Other             |     8 |    36 |    15 ||    59
       Reflection        |       |     2 |     2 ||     4
